 Dungeon Crawl Stone Soup version 0.31-a0-1074-g0b22e4e0f1 (webtiles) character file.

Game seed: 10606671999277047080

42 grandjackal the Trooper (level 3, -2/33 HPs)
             Began as a Ghoul Monk on Dec 1, 2023.
             Slain by a gnoll
             ... wielding a +0 spear
              (4 damage)
             ... on level 1 of the Dungeon.
             The game lasted 00:01:00 (1254 turns).

grandjackal the Trooper (Ghoul Monk)                Turns: 1254, Time: 00:01:01

Health: -2/33      AC:  2    Str: 14    XL:     3   Next: 54%
Magic:  2/2        EV: 12    Int: 11    God:
Gold:   48         SH:  0    Dex: 11    Spells: 2/2 levels left

rFire   . .          .
                       - Unarmed
rCold   + . .        c - orb {light}
rNeg    + + +        a - +0 robe
rPois   ∞            (no helmet)
rElec   .            (no cloak)
rCorr   .            (no gloves)
SInv    .            (no boots)
Will    .....        (no amulet)
Stlth   +            (no ring)
HPRegen 0.00/turn    (no ring)
MPRegen 0.08/turn

%: no passive effects
@: inhibited regen, glowing
A: claws 1, cold resistance 1, negative energy resistance 3, inhibited
regeneration, torment resistance 2, devour on kill
a: no special abilities


You were on level 1 of the Dungeon.
You visited 1 branch of the dungeon, and saw 2 of its levels.

You collected 48 gold pieces.

Inventory:

Armour
 a - a +0 robe (worn)
 c - an orb of light (worn)
Scrolls
 g - a scroll of silence {unknown}
Potions
 b - a potion of ambrosia
 d - a potion of magic {unknown}
 e - a potion of curing {unknown}
 f - a potion of lignification {unknown}
 h - a potion of haste {unknown}


   Skills:
 + Level 4.0 Fighting
 - Level 3.0 Dodging
 + Level 4.0 Unarmed Combat


You had 2 spell levels left.
You didn't know any spells.
Your spell library was empty.

Dungeon Overview and Level Annotations

Branches:
Dungeon (2/15)

Altars:

Shops:
D:2 [


Innate Abilities, Weirdness & Mutations

You are immune to poison.
You have sharp fingernails.
Your flesh is cold resistant. (rC+)
You are immune to negative energy. (rN+++)
You do not regenerate when monsters are visible.
You are immune to unholy pain and torment.
You thrive by killing the living.


Message History

The gnoll misses you.
The gnoll shouts!
You scratch the gnoll.
The gnoll is moderately wounded.
The gnoll barely misses you.
You scratch the gnoll.
The gnoll is heavily wounded.
The gnoll hits you with a +0 spear.
You scratch the gnoll but do no damage.
The gnoll is heavily wounded.
The gnoll hits you with a +0 spear. The gnoll closely misses you.
The gnoll hits you from afar with a +0 spear!
There is a stone staircase leading up here.
The gnoll hits you from afar with a +0 spear.
You climb upwards.
There is a stone staircase leading down here.
You start resting.
HP restored.
You climb downwards.
The gnoll hits you with a +0 spear.
There is a stone staircase leading up here.
The gnoll closely misses you.
You climb upwards.
There is a stone staircase leading down here.
You scratch the gnoll but do no damage. The gnoll hits you with a +0 spear.
You barely miss the gnoll. The gnoll hits you with a +0 spear.
You scratch the gnoll but do no damage. The gnoll hits you with a +0 spear.
You scratch the gnoll but do no damage. The gnoll hits you with a +0 spear.
You are too injured to fight recklessly!
You scratch the gnoll but do no damage. The gnoll hits you with a +0 spear.
You scratch the gnoll.
The gnoll is moderately wounded.
The gnoll hits you with a +0 spear.
You scratch the gnoll.
The gnoll is severely wounded.
The gnoll hits you with a +0 spear!
* * * LOW HITPOINT WARNING * * *
You scratch the gnoll but do no damage.
The gnoll is severely wounded.
The gnoll hits you with a +0 spear.
You die...

#.# ##...## #.# #.## ##'##
#.# ...### #.# #.# .....#
#.# #.# ...#.#
#####.######### #.#
####.#####.............###.#
........##.#............##^#
.###.##.##.##...g..###..##.#
.# #.........#.#@..#.......#
.######.##.#.###..(#.#..####
........##.#.........#..#
##########.............[#
########......## ########


You could see a gnoll.

Vanquished Creatures
  A gnoll (D:1)
  A worm (D:2)
  6 endoplasms (D:1)
  2 giant cockroaches (D:1)
  2 goblins (D:1)
  A hobgoblin (D:1)
  4 jackals (D:1)
  2 quokkas (D:1)
  A ball python (D:1)
  A bat (D:1)
  3 kobolds (D:1)
  A rat (D:1)
25 creatures vanquished.

Notes
Turn   | Place    | Note
-------+----------+-------------------------------------------
     0 | D:1      | grandjackal the Ghoul Monk began the quest for the Orb.
     0 | D:1      | Reached XP level 1. HP: 19/19 MP: 0/0
   166 | D:1      | Reached XP level 2. HP: 25/26 MP: 1/1
   693 | D:1      | Reached XP level 3. HP: 32/33 MP: 2/2
   930 | D:2      | Found Demihair's Antique Armour Boutique.
  1254 | D:1      | Slain by a gnoll

Illustrated notes

Levels and vault maps discovered:
D:1:      saegor_arrival_simple_a, layout_loops_corners
D:2:      layout_loops_ring, basic_altar, serial_shops,
          nicolae_shop_back_alley_shop, nicolae_shop_waterfront,
          nicolae_shop_statue_plus, nicolae_shop_tiny_waterfront, shop,
          shapermc_ecumenical_altar_starsandcircs, st_stairs_4,
          minmay_misc_feat_iff

Skill      XL: |  1  2  3 |
---------------+----------+-----
Dodging        | 3 |  3.0
Fighting       | 4 |  4.0
Unarmed Combat | 4 |  4.0

Action                     || total
---------------------------++-------
  Melee: Unarmed           ||    94
 Armour: Robe              ||    47
  Dodge: Dodged            ||    52

Table legend: (Time is in decaauts)
 A = Elapsed time spent in this place.
 B = Non-inter-level travel time spent in this place.
 C = Inter-level travel time spent in this place.
 D = Time resting spent in this place.
 E = Time spent auto-exploring this place.
 F = Levels seen in this place.
 G = Mean time per level.
                   A        B        C        D        E       F      G
               +--------+--------+--------+--------+--------+-----+--------+
         Total |   1250 |   1233 |     17 |    253 |    779 |   2 |  625.0 |
       Dungeon |   1250 |   1233 |     17 |    253 |    779 |   2 |  625.0 |
               +--------+--------+--------+--------+--------+-----+--------+

Top non-repeatable levels by time:
     D:1: 1199 daAuts
     D:2: 51 daAuts
